Map: Thunderbird LE

Players

TurkeyDano - Winner!

  • Race: Protoss Protoss
  • Spawn Location: 5:00

Rhizer

  • Race: Protoss Protoss
  • Spawn Location: 11:00

VOD

Have the link to the VOD?

Description

Time

  • Played on: Sept. 6, 2019, 3:24 p.m.
  • Length: 9:38
Show
View Real Time Build Order
Export as new Build Order

TurkeyDano Protoss - Winner!

Build Orders:  

Get SALT Encoding   

  12  0:00  Probe  
  13  0:12  Probe  
  14  0:17  Pylon  
  14  0:23  Probe  
  15  0:31  Probe  
  16  0:38  Gateway  
  16  0:39  Probe  
  17  0:50  Assimilator  
  17  0:51  Probe  
  18  0:59  Pylon  
  18  1:03  Probe  
  19  1:11  Assimilator  
  19  1:15  Probe  
  20  1:21  Gateway  
  20  1:27  Probe  
  20  1:28  Cybernetics Core  
  21  1:37  Probe  
  21  1:38  Pylon  
  22  1:46  Probe  
  22  1:54  Probe  
  24  2:06  Probe  
  25  2:08  Stalker x2  
  29  2:15  Pylon  
  29  2:18  Probe  
  30  2:28  Warp Gate  
  30  2:31  Pylon  
  30  2:41  Stalker x2  
  34  3:03  Nexus  
  34  3:12  Shield Battery  
  34  3:21  Robotics Facility  
  34  3:25  Probe  
  35  3:38  Probe  
  35  3:40  Pylon  
  36  3:44  Twilight Council  
  36  3:50  Shield Battery  
  36  3:51  Probe  
  37  3:57  Immortal  
  37  4:03  Probe  
  42  4:10  Resonating Glaives  
  42  4:15  Probe  
  43  4:18  Probe  
  44  4:27  Probe  
  44  4:28  Immortal  
  45  4:37  Probe  
  50  4:40  Probe  
  51  4:54  Gateway x2  
  51  4:59  Gateway  
  51  5:06  Gateway  
  51  5:08  Gateway  
  51  5:14  Gateway  
  51  5:20  Warp Prism  
  51  5:26  Probe x2  
  54  5:43  Pylon  
  54  5:45  Pylon  
  54  5:46  Pylon  
  54  5:47  Adept x2  
  56  6:11  Pylon  
  56  6:13  Adept x3  
  56  6:14  Adept x3  
  56  6:16  Adept  
  70  6:35  Adept x2  
  70  6:36  Adept x3  
  70  6:37  Adept  
  82  6:43  Adept  
  82  6:44  Adept  
  84  7:01  Immortal  
  72  7:03  Adept x4  
  72  7:04  Adept  
  48  7:23  Adept x7  
  56  7:31  Warp Prism  
  56  7:44  Adept x3  
  56  7:45  Zealot  
  64  8:01  Adept x3  
  64  8:02  Zealot  
  72  8:06  Zealot  
  72  8:10  Adept  
  72  8:12  Adept  
  78  8:17  Zealot  
  79  8:32  Pylon  
  73  8:56  Adept x5  
  73  8:58  Adept x2  
  81  9:14  Adept  
  73  9:31  Adept x6  
Show
View Real Time Build Order
Export as new Build Order

Rhizer Protoss 

Build Orders: Double Forge 

Get SALT Encoding   

  12  0:00  Probe  
  13  0:12  Probe  
  14  0:17  Pylon  
  14  0:25  Probe  
  15  0:36  Gateway  
  15  0:38  Probe  
  16  0:50  Probe  
  16  0:52  Forge  
  17  0:58  Probe  
  18  1:08  Gateway, Probe  
  19  1:12  Assimilator  
  19  1:17  Assimilator  
  19  1:21  Probe  
  20  1:29  Cybernetics Core, Probe  
  20  1:37  Probe  
  21  1:43  Pylon  
  22  1:48  Probe  
  23  1:59  Warp Gate  
  23  2:01  Probe  
  23  2:05  Adept x2  
  28  2:13  Probe  
  29  2:22  Pylon  
  29  2:27  Pylon  
  29  2:36  Sentry  
  31  2:40  Stalker  
  33  2:48  Pylon  
  33  2:55  Robotics Facility  
  33  2:57  Shield Battery  
  35  3:18  Nexus  
  31  3:25  Sentry  
  31  3:26  Probe  
  34  3:36  Forge  
  34  3:46  Warp Prism  
  36  3:54  Sentry  
  38  3:59  Stalker  
  40  4:09  Protoss Ground Weapons Level 1  
  40  4:13  Probe  
  40  4:16  Immortal  
  45  4:30  Adept  
  47  4:35  Probe  
  47  4:36  Probe  
  49  4:44  Probe  
  49  4:48  Probe  
  49  4:52  Probe  
  51  4:55  Observer  
  53  5:00  Probe, Twilight Council  
  53  5:02  Probe  
  55  5:08  Pylon  
  55  5:12  Probe  
  56  5:32  Gateway  
  56  5:33  Gateway  
  56  5:35  Gateway x2  
  52  5:48  Shield Battery  
  52  5:49  Shield Battery, Sentry  
  52  5:50  Stalker  
  52  5:52  Shield Battery  
  52  5:56  Warp Prism  
  54  5:58  Shield Battery  
  56  6:13  Stalker x2  
  56  6:15  Probe  
  56  6:18  Pylon, Probe  
  62  6:28  Shield Battery, Sentry  
  62  6:31  Sentry, Stalker  
  68  6:34  Stalker  
  70  6:45  Stalker  
  70  6:47  Zealot  
  74  6:56  Stalker  
  68  7:01  Stalker  
  48  7:16  Stalker  
  48  7:17  Zealot x3  
  52  7:24  Probe x2  
  54  7:38  Probe  
  55  7:45  Probe  
  55  7:50  Probe  
  57  7:51  Assimilator  
  57  7:54  Probe  
  57  7:57  Assimilator  
  57  7:58  Probe  
  58  8:02  Probe  
  59  8:06  Probe  
  59  8:11  Probe  
  61  8:17  Probe  
  63  8:20  Pylon  
  63  8:23  Probe  
  64  8:31  Robotics Bay  
  65  8:37  Pylon  
  65  8:38  Stalker x2  
  65  8:40  Zealot x4  
  63  9:01  Stalker x4  
  62  9:16  Stalker x2  
  52  9:28  Stalker  
Tags
 
Add a new tag
Caveats
  • Supply blocks, unpowered buildings, or Contaminate may cause inaccurate times.
  • Supply counts are checked every 10 seconds.